 Dungeon Crawl Stone Soup version 0.30-a0-743-gbfdf073431 (webtiles) character file.

Game seed: 7074072225956560418

71544 CoinPitGoblin the Unseen (level 15, 0/83 HPs)
             Began as a Kobold Hunter on Feb 5, 2023.
             Was a High Priest of Dithmenos.
             Succumbed to a green death's bolt of poison
             ... on level 2 of the Abyss.
             The game lasted 01:26:48 (24438 turns).

CoinPitGoblin the Unseen (Kobold Hunter)           Turns: 24438, Time: 01:26:48

Health: 0/83       AC: 15    Str:  5    XL:     15   Next: 82%
Magic:  1/29       EV: 26    Int: 17    God:    Dithmenos [*****.]
Gold:   1755       SH:  6    Dex: 29    Spells: 23/34 levels left

rFire   . . .      SeeInvis +    b - +1 short sword (spect)
rCold   . . .      Faith    +    W - +0 buckler
rNeg    . . .      Spirit   .    x - +0 troll leather armour {Pargi}
rPois   +          Reflect  .    Y - +2 helmet
rElec   .          Harm     .    A - +2 cloak {Will+}
rCorr   .          Rampage  .    t - +2 pair of gloves
Will    ++...                    p - +0 pair of boots Stlth ******++++
                                 K - amulet "Jofilaf" {Faith rPois SInv Stlth+}
HPRegen 0.00/turn                o - +6 ring of dexterity
MPRegen 0.21/turn                T - +6 ring of intelligence

@: lethally poisoned (0 -> -3), about to teleport, sick, very slightly
contaminated, wreathed by umbra, unable to read
A: small, no large weapons, nightstalker 3, [clumsy 1], [frail 1],
([teleportitis 2]), [weak 2], [subdued magic 2], [inability to read after injury
1]
a: Renounce Religion, Shadow Step, Shadow Form


You were on level 2 of the Abyss.
You worshipped Dithmenos.
Dithmenos was extremely pleased with you.
You visited 3 branches of the dungeon, and saw 20 of its levels.
You visited the Abyss 1 time.
You also visited: Bailey.

You collected 1755 gold pieces.

Inventory:

Hand Weapons
 a - a +0 arbalest
 b - a +1 spectral short sword (weapon)
 c - a +3 dagger
 q - a +4 dagger of freezing
 B - a +2 dagger of electrocution
 J - a +2 dagger of holy wrath
 S - a +0 rapier
Missiles
 g - a throwing net
Armour
 p - a +0 pair of boots (worn)
 s - a +3 leather armour of cold resistance
 t - a +2 pair of gloves (worn)
 x - a +0 troll leather armour (worn) {Pargi}
 A - a +2 cloak of willpower (worn)
 D - a +2 robe of resistance
 W - a +0 buckler (worn)
 Y - a +2 helmet (worn)
Jewellery
 k - an amulet of regeneration
 o - a +6 ring of dexterity (left hand)
 w - a ring of wizardry
 K - the amulet "Jofilaf" (around neck) {Faith rPois SInv Stlth+}
   (You found it on level 11 of the Dungeon)

   [amulet of faith]

   It allows you to gain divine favour quickly.
   rPois:     It protects you from poison.
   SInv:      It lets you see invisible.
   Stlth:     It makes you more stealthy.
 T - a +6 ring of intelligence (right hand)
Wands
 e - a wand of mindburst (6)
 r - a wand of flame (42)
 y - a wand of charming (12)
 Q - a wand of roots (3)
Scrolls
 d - 12 scrolls of identify
 f - 2 scrolls of amnesia
 i - 6 scrolls of immolation
 j - 4 scrolls of magic mapping
 n - 2 scrolls of vulnerability
 L - a scroll of brand weapon
 M - 2 scrolls of fog
 N - 2 scrolls of fear
 P - 2 scrolls of teleportation
 R - a scroll of poison
 U - 3 scrolls of enchant weapon
Potions
 h - 8 potions of brilliance
 l - 7 potions of attraction
 m - 3 potions of lignification
 u - 2 potions of ambrosia
 v - a potion of heal wounds
 z - 2 potions of mutation
 C - 3 potions of invisibility
 E - 3 potions of resistance
 F - 5 potions of haste
 G - 2 potions of magic
 H - 4 potions of cancellation
 I - 4 potions of might
 X - 3 potions of curing
Miscellaneous
 V - a condenser vane (inert)


   Skills:
 + Level 10.7 Fighting
 + Level 11.8 Short Blades
 + Level 11.4 Ranged Weapons
 + Level 4.9 Armour
 + Level 12.2 Dodging
 + Level 18.7 Stealth
 + Level 2.1 Shields
 + Level 10.0 Spellcasting
 + Level 8.9 Hexes
 + Level 1.9 Invocations


You had 23 spell levels left.
You knew the following spells:

 Your Spells              Type           Power      Damage    Failure   Level
a - Cause Fear            Hex            12%        N/A       2%          4
x - Summon Guardian Gole  Hex/Summ       14%        N/A       6%          3
z - Anguish               Hex/Necr       7%         N/A       22%         4

Your spell library contained the following spells:

 Spells                   Type           Power      Damage    Failure   Level
 Ensorcelled Hibernation  Hex/Ice        28%        N/A       2%          2
 Dazzling Flash           Conj/Hex       28%        N/A       6%          3
 Magic Dart               Conj           20%        1d4       14%         1
 Sting                    Tmut/Pois      20%        1d4       14%         1
 Summon Small Mammal      Summ           20%        N/A       14%         1
 Poisonous Vapours        Pois/Air       10%        N/A       22%         2
 Searing Ray              Conj           10%        2d4       22%         2
 Fulminant Prism          Conj/Hex       7%         3d7       22%         4
 Call Canine Familiar     Summ           5%         N/A       43%         3
 Gell's Gravitas          Tloc           5%         N/A       43%         3
 Spider Form              Tmut/Pois      5%         N/A       43%         3
 Teleport Other           Tloc           5%         N/A       43%         3
 Iskenderun's Mystic Bla  Conj/Tloc      5%         2d3       85%         4
 Olgreb's Toxic Radiance  Pois           5%         N/A       85%         4
 Iskenderun's Battlesphe  Conj           5%         2d6       99%         5
 Conjure Ball Lightning   Conj/Air       2%         3x3d6     100%        6
 Dispersal                Tloc           2%         N/A       100%        6
 Iron Shot                Conj/Erth      2%         9d2       100%        6
 Starburst                Conj/Fire      2%         6d3       100%        6
 Dragon Form              Tmut           2%         N/A       100%        7
 Spellforged Servitor     Conj/Summ      2%         N/A       100%        7
 Discord                  Hex            12%        N/A       100%        8
 Disjunction              Tloc           2%         N/A       100%        8
 Chain Lightning          Conj/Air       2%         3d3       100%        9
 Dragon's Call            Summ           2%         N/A       100%        9
 Fire Storm               Conj/Fire      2%         8d1       100%        9
 Shatter                  Erth           2%         3d6*      100%        9


Dungeon Overview and Level Annotations

Branches:
Dungeon (14/15)            Temple (1/1) D:5            Lair (5/5) D:11
 Shoals (0/4) Lair:3       Spider (0/4) Lair:2        Slime (0/5) Lair:4
    Orc (0/2) D:12         Bailey (visited)
 Vaults: D:13-14

Altars:
Ashenzari
Cheibriados
Dithmenos
Elyvilon
Fedhas
Gozag
Hepliaklqana
Kikubaaqudgha
Makhleb
Nemelex Xobeh
Okawaru
Qazlal
Ru
Sif Muna
Trog
Uskayaw
Vehumet
Wu Jian
Xom
Yredelemnul
Zin
The Shining One
Jiyva

Shops:
D:4 *=


Innate Abilities, Weirdness & Mutations

You are small and have problems with some larger weapons.
You are completely attuned to the shadows.
[You are clumsy. (Dex -2)]
[You are frail. (-10% HP)]
[((You are often teleported next to monsters.))]
[You are very weak. (Str -4)]
[Your spells are easier to cast, but less powerful.]
[You occasionally lose the ability to read scrolls when taking damage.]


Message History

Unknown command.
As you read the scroll of teleportation, it crumbles to dust.
You feel strangely unstable.
You feel the power of the Abyss delaying your translocation!
You feel very sick.
You block the thrashing horror's attack.
The thrashing horror completely misses you. x2
The thrashing horror closely misses you.
The thrashing horror tramples you!
You stumble backwards!
The thrashing horror tramples you but does no damage.
You block the thrashing horror's attack.
The ancient zyme completely misses you.
The ancient zyme hits you but does no damage.
You feel very sick. The lorocyproca closely misses you.
The thrashing horror closely misses you.
The thrashing horror misses you. The lorocyproca hits you.
You feel your power leaking away.
The lorocyproca attacks as you move away!
The lorocyproca hits you!
You feel your power leaking away.
You feel sick. The thrashing horror misses you.
The thrashing horror completely misses you.
The lorocyproca attacks as you move away!
You block the lorocyproca's attack.
You feel sick. The thrashing horror tramples you!
* * * LOW HITPOINT WARNING * * *
You stumble backwards!
A white imp comes into view.
Found 4 stones.
The thrashing horror tramples you!
You feel threatened and lose the ability to read scrolls!
* * * LOW HITPOINT WARNING * * *
You stumble backwards!
The thrashing horror attacks as you move away!
The thrashing horror closely misses you.
The thrashing horror tramples you.
* * * LOW HITPOINT WARNING * * *
A bone dragon comes into view.
You feel yourself speed up.
You die...

# . . . ..#
#.. # .
.#..#D.
##..R###.#
.5.....#.# . #
#.@#..###
#)..#...#..#
#### #..
#..X...#... ##
##2..##.#.. #
#### .
....2.... ###
. . . . (
.≈xW...#.. #.
..
#####..##....'
... #$..
°°#....# . .
#.. #..# ##
#####


You could see a bone dragon (wandering), a lorocyproca (invisible), a green
death, a rakshasa, a thrashing horror and a white imp (wandering).

Vanquished Creatures
  An entropy weaver (shapeshifter) (D:14)
  A fire dragon (Lair:5)
  8 hydras
  2 catoblepae (Lair:4)
  3 boulder beetles
  3 centaur warriors
  5 two-headed ogres
  2 death yaks
  A tengu warrior (D:12)
  A wretched star (Abyss:2)
  A pharaoh ant (Lair:2)
  A lindwurm (Lair:5)
  A deep elf pyromancer (D:10)
  2 orc knights
  2 ugly things (D:12)
  2 manticores (D:12)
  4 cyclopes
  7 black mambas
  5 elephants (Lair:5)
  2 gargoyles
  3 torpor snails
  3 molten gargoyles (Lair:5)
  3 unseen horrors
  Maggie (D:8)
  11 cane toads
  An ancient zyme (Abyss:2)
  5 kobold demonologists
  2 ice devils (Lair:5)
  12 komodo dragons
  An efreet (D:9)
  7 trolls
  3 meliai (D:13)
  A tarantella (Lair:2)
  7 dream sheep
  18 blink frogs
  A raiju (shapeshifter) (D:12)
  3 shadows
  A spriggan (Lair:5)
  A vampire (D:10)
  A ynoxinul (Abyss:2)
  A wraith (D:11)
  5 wyverns
  Eustachio (D:4)
  A large abomination (Abyss:2)
  61 yaks
  A redback (Lair:2)
  2 steam dragons
  15 vampire mosquitoes
  5 basilisks
  Edmund (D:6)
  4 hell hounds (Lair:5)
  17 water moccasins
  11 orc warriors
  Pargi (D:4)
  2 sky beasts
  19 ice beasts
  2 ogres
  A black bear (D:11)
  11 wolves
  9 centaurs
  5 kobold brigands
  21 bullfrogs
  A necrophage (D:7)
  2 gnoll sergeants (D:6)
  2 scorpions
  17 wights
  A killer bee (D:9)
  3 electric eels (D:10)
  5 howler monkeys
  4 lava snakes (Lair:5)
  A jelly (D:5)
  7 hounds
  Crazy Yiuf (D:4)
  11 orc priests
  2 gnoll boudas (D:9)
  An iguana (D:5)
  Jessica (D:3)
  Ijyb (D:3)
  10 hell rats
  13 orc wizards
  2 small abominations (Abyss:2)
  19 gnolls
  11 adders
  A white imp (Abyss:2)
  A worm (D:2)
  4 dart slugs
  61 orcs
  7 ball pythons
  10 endoplasms
  7 giant cockroaches
  8 goblins
  4 hobgoblins (D:1)
  24 kobolds
  4 quokkas
  7 bats
  2 frilled lizards (D:2)
  4 rats
594 creatures vanquished.

Vanquished Creatures (others)
  A tengu warrior (D:12)
  A polar bear (Lair:5)
  4 yaks
  A vampire (D:10)
  An orc warrior (D:12)
  A lava snake (Lair:5)
  A bush (Lair:5)
  53 fungi
  113 plants
176 creatures vanquished.

Grand Total: 770 creatures vanquished

Notes
Turn   | Place    | Note
-------+----------+-------------------------------------------
     0 | D:1      | CoinPitGoblin the Kobold Hunter began the quest for the
                  | Orb.
     0 | D:1      | Reached XP level 1. HP: 12/12 MP: 1/1
    69 | D:1      | Reached XP level 2. HP: 18/18 MP: 2/2
   477 | D:1      | Reached XP level 3. HP: 21/23 MP: 3/3
   748 | D:2      | Reached XP level 4. HP: 28/28 MP: 4/4
  1181 | D:2      | Found a snail-covered altar of Cheibriados.
  1751 | D:3      | Learned a level 2 spell: Ensorcelled Hibernation
  2107 | D:3      | Reached XP level 5. HP: 10/33 MP: 5/5
  2242 | D:3      | Reached skill level 1 in Short Blades
  2248 | D:3      | Reached skill level 2 in Stealth
  2618 | D:3      | Noticed Ijyb
  2619 | D:3      | Noticed Jessica
  2623 | D:3      | Killed Ijyb
  2624 | D:3      | Reached skill level 1 in Spellcasting
  2624 | D:3      | Reached skill level 1 in Hexes
  2624 | D:3      | Reached XP level 6. HP: 20/38 MP: 7/7
  2625 | D:3      | Killed Jessica
  3004 | D:4      | Found Zin's Purification Station.
  3011 | D:4      | Found a glowing silver altar of Zin.
  3215 | D:4      | Noticed Eustachio
  3228 | D:4      | Killed Eustachio
  3229 | D:4      | Reached XP level 7. HP: 26/43 MP: 9/9
  3408 | D:4      | Found Borchyaxt's Jewellery Shoppe.
  3478 | D:4      | You fall into a shaft and drop 2 floors!
  3495 | D:6      | Reached skill level 3 in Stealth
  3563 | D:6      | Noticed Edmund
  3578 | D:6      | Killed Edmund
  3759 | D:6      | HP: 1/44 [orc priest/+0 dagger (2)]
  3762 | D:6      | Reached XP level 8. HP: 2/48 MP: 11/11
  4002 | D:5      | Entered Level 5 of the Dungeon
  4202 | D:6      | Reached skill level 4 in Stealth
  4555 | D:6      | Reached skill level 5 in Fighting
  4983 | D:6      | Reached XP level 9. HP: 54/54 MP: 14/14
  5070 | D:5      | Reached skill level 5 in Dodging
  5218 | D:5      | Found a staircase to the Ecumenical Temple.
  5230 | Temple   | Entered the Ecumenical Temple
  5762 | D:5      | Reached skill level 5 in Stealth
  6041 | D:4      | Found a stormy altar of Qazlal.
  6044 | D:4      | Found an opulent altar of Gozag.
  6053 | D:4      | Found a snail-covered altar of Cheibriados.
  6066 | D:4      | Found a shadowy altar of Dithmenos.
  6070 | D:4      | Became a worshipper of Dithmenos the Shadowed
  6142 | D:4      | Found an ancient bone altar of Kikubaaqudgha.
  6150 | D:4      | Noticed Pargi
  6163 | D:4      | Killed Pargi
  6375 | D:4      | Found a runed translucent door.
  6378 | D:4      | Noticed Crazy Yiuf
  6473 | D:4      | Killed Crazy Yiuf
  6794 | D:7      | Reached skill level 5 in Short Blades
  7488 | D:7      | Identified the +5 ring mail "Boqys" {-Cast rCorr Str+3
                  | Dex+3}
  7684 | D:7      | Reached XP level 10. HP: 40/57 MP: 17/17
  7817 | D:7      | Reached skill level 1 in Armour
  7893 | D:8      | Reached skill level 5 in Spellcasting
  7894 | D:8      | Reached skill level 6 in Stealth
  7894 | D:8      | Reached skill level 5 in Hexes
  8091 | D:8      | Found a flagged portal.
  8091 | D:8      | Found the +5 Lochaber axe {reach-cleave, Poleaxe Drain}
  8095 | D:8      | Found the +8 trident of the Octopus King {venom, rElec
                  | rPois}
  8119 | Bailey   | Entered a bailey
  8161 | Bailey   | Reached * piety under Dithmenos
  8225 | Bailey   | Noticed an orc knight
  8242 | Bailey   | Killed an orc knight
  8485 | D:8      | Noticed Maggie
  8502 | D:8      | Killed Maggie
  8729 | D:8      | Reached skill level 10 in Ranged Weapons
  8937 | D:8      | Learned a level 4 spell: Cause Fear
  8942 | D:8      | Learned a level 4 spell: Anguish
  9057 | D:9      | Noticed an efreet
  9058 | D:9      | Noticed a centaur warrior
  9060 | D:9      | Noticed a cyclops
  9062 | D:9      | Killed an efreet
  9103 | D:9      | Killed a centaur warrior
  9104 | D:9      | Reached XP level 11. HP: 17/66 MP: 18/20
  9167 | D:9      | Killed a cyclops
  9207 | D:9      | Reached skill level 7 in Stealth
  9215 | D:9      | Reached ** piety under Dithmenos
  9921 | D:10     | Entered Level 10 of the Dungeon
 10147 | D:10     | Reached skill level 8 in Stealth
 10255 | D:10     | Reached *** piety under Dithmenos
 10321 | D:10     | Noticed a deep elf pyromancer
 10325 | D:10     | Killed a deep elf pyromancer
 10832 | D:10     | Reached XP level 12. HP: 56/72 MP: 22/22
 10838 | D:10     | Reached skill level 9 in Stealth
 12108 | D:11     | Identified the amulet "Jofilaf" {Faith rPois SInv Stlth+}
 12266 | D:11     | Found a staircase to the Lair.
 12298 | D:11     | Noticed a boulder beetle
 12331 | D:11     | Killed a boulder beetle
 12705 | D:11     | Reached **** piety under Dithmenos
 12834 | D:11     | Noticed a two-headed ogre
 12847 | D:11     | Killed a two-headed ogre
 12848 | D:11     | Reached skill level 10 in Stealth
 13233 | Lair:1   | Entered Level 1 of the Lair of Beasts
 13545 | Lair:1   | Reached skill level 10 in Short Blades
 13573 | Lair:1   | Reached skill level 11 in Stealth
 13700 | Lair:1   | Reached XP level 13. HP: 68/79 MP: 23/23
 14098 | Lair:1   | Reached skill level 10 in Dodging
 14445 | Lair:2   | Found a hole to the Spider Nest.
 14585 | Lair:2   | Reached skill level 12 in Stealth
 14617 | Lair:2   | Reached ***** piety under Dithmenos
 14778 | Lair:2   | Identified the +4 war axe of Nucij {antimagic, Dex+4}
 14808 | Lair:2   | Reached skill level 13 in Stealth
 16134 | Lair:3   | Found a staircase to the Shoals.
 16714 | Lair:3   | Reached skill level 14 in Stealth
 17175 | Lair:4   | Noticed a five-headed hydra
 17263 | Lair:3   | Killed a five-headed hydra
 17347 | Lair:4   | Reached XP level 14. HP: 86/86 MP: 26/26
 17647 | Lair:4   | Reached ****** piety under Dithmenos
 18182 | Lair:4   | Found a viscous altar of Jiyva.
 18183 | Lair:4   | Found a staircase to the Slime Pits.
 18714 | Lair:5   | Entered Level 5 of the Lair of Beasts
 18739 | Lair:5   | Reached skill level 15 in Stealth
 18953 | Lair:5   | Reached skill level 1 in Invocations
 18957 | Lair:5   | Reached skill level 10 in Fighting
 19211 | Lair:5   | Found a frozen archway.
 19492 | Lair:5   | Reached skill level 16 in Stealth
 19826 | Lair:5   | Found a large runed translucent door.
 19873 | Lair:5   | Found a large runed translucent door.
 20509 | Lair:5   | Found the +8 whip "Snakebite" {venom, curare, rPois}
 20825 | Lair:5   | Reached XP level 15. HP: 32/93 MP: 25/28
 21702 | D:12     | Reached skill level 17 in Stealth
 21861 | D:12     | Reached skill level 1 in Shields
 22076 | D:12     | Reached skill level 18 in Stealth
 22221 | D:12     | Found a staircase to the Orcish Mines.
 22312 | D:12     | Learned a level 3 spell: Summon Guardian Golem
 23417 | D:13     | Found a sacrificial altar of Ru.
 24032 | D:14     | Reached skill level 10 in Spellcasting
 24189 | Abyss:2  | Cast into level 2 of the Abyss (a wizard)
 24437 | Abyss:2  | HP: 3/83 [thrashing horror (12)]
 24438 | Abyss:2  | HP: 1/83 [thrashing horror (2)]
 24438 | Abyss:2  | Noticed a bone dragon
 24438 | Abyss:2  | Succumbed to a green death's bolt of poison

Illustrated notes

Levels and vault maps discovered:
D:1:      denvon_arrival_planthouse, layout_rooms
D:2:      minmay_diamond_boxcup, layout_loops_ring, basic_altar
D:3:      minmay_chambers_of_threes, layout_rooms, uniq_ijyb, uniq_jessica
D:4:      layout_basic, mainiacjoe_overflow_small_starburst,
          grunt_temple_overflow_cloverleaf, zin_purify, serial_shops,
          nicolae_shop_stone, chequers_serial_rivers_small_3,
          minmay_misc_feat_four_crosses, uniq_eustachio,
          uniq_crazy_yiuf_cottage, uniq_pargi
D:5:      layout_rooms, minmay_temple_entry_offerings
D:6:      layout_loops_ring, serial_bayou_lagoon_a, uniq_edmund
D:7:      layout_gridville, serial_rivers, chequers_serial_rivers_micro_e,
          chequers_serial_rivers_micro_e, chequers_serial_rivers_small_a,
          chequers_serial_rivers_marsh
D:8:      layout_rooms, enter_bailey_2, grunt_ministairs_4, uniq_maggie
D:9:      minmay_ornate_pinched, layout_rooms
D:10:     minmay_twisted_water, layout_irregular_city, minmay_starry_boxes
D:11:     layout_gridville, due_lair_maze_entry_diamond, special_room
          [special_room_orc]
D:12:     minmay_opposing_rooms, layout_small_grid, david_orc_2
D:13:     layout_gridville, nicolae_ru_sacrificial_ziggurat
D:14:     layout_stronghold, david_vaults_2, dk_noncrumbling_3,
          kennysheep_generic_room_10
Temple:   nicolae_temple_elliptical
Lair:1:   layout_loops_ring, grunt_megastairs_3
Lair:2:   layout_small_grid, nicolae_spider_entry_lesser_pyramids,
          beast_lair_carwin_7
Lair:3:   layout_misc_corridors, shoals_dummy_entry
Lair:4:   layout_regular_city, slime_entry_1, nicolae_lair_yak_garden
Lair:5:   cheibrodos_lair_end_hotspot, layout_cave_pods,
          portal_ice_cave_demonic_guard, grunt_forest_large_clearing_hut,
          serial_bayou_shore_b
Abyss:2:  base: D:13, hangedman_abyss_or_decor_stagger,
          hangedman_abyss_or_decor_stagger

Skill      XL: |  1  2  3  4  5  6  7  8  9 10 11 12 13 14 15 |
---------------+----------------------------------------------+-----
Dodging        | 3 4 5 6 7 9 10 11 12 | 12.2
Fighting       | 3 4 5 6 7 8 9 10 | 10.7
Short Blades   | 1 2 3 6 7 8 10 11 | 11.8
Stealth        | 2 3 4 5 6 8 11 14 16 18 | 18.7
Ranged Weapons | 6 7 8 9 10 11 | 11.4
Spellcasting   | 1 2 3 4 6 7 8 9 10 | 10.0
Hexes          | 1 2 3 4 6 7 8 |  8.9
Armour         | 2 4 |  4.9
Invocations    | 1 |  1.9
Shields        | 2 |  2.1

Action                     |  1- 3 |  4- 6 |  7- 9 | 10-12 | 13-15 || total
---------------------------+-------+-------+-------+-------+-------++-------
  Melee: Dagger            |    14 |   101 |       |   122 |     4 ||   241
         Punch             |     1 |       |     7 |    19 |    17 ||    44
         Short sword       |       |    17 |   240 |   839 |   972 ||  2068
         Whip              |       |       |       |       |     7 ||     7
   Fire: Shortbow          |    53 |    64 |    53 |    93 |       ||   263
         Arbalest          |       |       |       |    36 |    16 ||    52
   Cast: Ensorcelled Hiber |       |       |     7 |    14 |     4 ||    25
         Cause Fear        |       |       |       |    14 |    28 ||    42
         Anguish           |       |       |       |       |    68 ||    68
         Summon Guardian G |       |       |       |       |     1 ||     1
 Invoke: Shadow Step       |       |       |       |       |    13 ||    13
  Evoke: Wand              |       |       |     3 |     8 |     6 ||    17
         Phial of floods   |       |       |       |       |     1 ||     1
         Condenser vane    |       |       |       |       |     2 ||     2
    Use: Scroll            |     3 |     1 |     6 |    16 |     7 ||    33
         Potion            |       |     1 |     4 |     5 |     7 ||    17
   Stab: Sleeping          |       |    11 |     8 |    26 |   111 ||   156
         Distracted        |       |       |     5 |    30 |    46 ||    81
         Fleeing           |       |       |       |     2 |       ||     2
         Invisible         |       |       |       |       |     5 ||     5
 Armour: Leather armour    |    13 |    27 |    36 |       |       ||    76
         Troll leather arm |       |       |    13 |   211 |   127 ||   351
  Dodge: Dodged            |    34 |    99 |   177 |   800 |   909 ||  2019
  Block: Buckler           |       |       |       |       |    82 ||    82

Table legend: (Time is in decaauts)
 A = Elapsed time spent in this place.
 B = Non-inter-level travel time spent in this place.
 C = Inter-level travel time spent in this place.
 D = Time resting spent in this place.
 E = Time spent auto-exploring this place.
 F = Levels seen in this place.
 G = Mean time per level.
                   A        B        C        D        E       F      G
               +--------+--------+--------+--------+--------+-----+--------+
         Total |  23608 |  21560 |   2048 |    865 |  15175 |  22 | 1073.1 |
       Dungeon |  15051 |  13591 |   1460 |    699 |   9268 |  14 | 1075.1 |
        Temple |    286 |    274 |     12 |      0 |    213 |   1 |  286.0 |
          Lair |   7699 |   7123 |    576 |    160 |   5468 |   5 | 1539.8 |
         Abyss |    243 |    243 |      0 |      6 |     21 |   1 |  243.0 |
        Bailey |    327 |    327 |      0 |      0 |    205 |   1 |  327.0 |
               +--------+--------+--------+--------+--------+-----+--------+

Top non-repeatable levels by time:
  Lair:5: 2372 daAuts
     D:6: 1689 daAuts
    D:10: 1577 daAuts
    D:11: 1549 daAuts
  Lair:4: 1531 daAuts
  Lair:3: 1455 daAuts
    D:12: 1363 daAuts
  Lair:2: 1319 daAuts
     D:2: 1239 daAuts
     D:3: 1161 daAuts
     D:4: 1116 daAuts
     D:7: 1069 daAuts
    D:13: 1025 daAuts
  Lair:1: 1020 daAuts
     D:9: 1003 daAuts
